Workbook
Name Ancho_base: 'Memorias de cantidades'!$C$42
Name ANCHOPH: 'Memorias de cantidades'!$C$41
Name Ciclopelateral: 'Memorias de cantidades'!$D$15
Name LREAL: 'Memorias de cantidades'!$D$58
Name NUMRAMPAS: 'Memorias de cantidades'!$C$50
Name rielcentral: 'Memorias de cantidades'!$D$16
Name riellateral: 'Memorias de cantidades'!$D$12
Name Sobreancho: 'Memorias de cantidades'!$D$11

Sheet Presupuesto 
B1: FORMULARIO 1
C2: PRESUPUESTO OFICIAL
B3: [El presente formulario aplica para los procesos de contratación que tengan como forma de pago precios unitarios. Tratándose de otras modalidades de precio, la Entidad debe ajustarlo cuando corresponde a: precio global, llave en mano, administración delegada, reembolso de gastos o cualquier otra forma precio]
B4: Adicionalmente, cuando el proceso de contratación es estructurado por precios unitarios, la Entidad debe aplicar las notas 1, 2 y 3 del presente formulario y las casillas de "Descripción", "Porcentaje" de la Administración, Imprevisto, Utilidad y total A.I.U. resaltadas en colo amarillo. Tratándose de otras modalidades de precio, la Entidad puede o no configurar los mismos aspectos.
B5: ' EJECUTAR OBRAS PARA LA CONSTRUCCIÓN DE PLACA HUELLAS EN DIFERENTES SECTORES DELAS VEREDAS DEL MUNICIPIO DE SESQUILÉ, EN EL MARCO DEL PRESUPUESTO PARTICIPATIVO 2026''
B7: ÍTEM | C7: ÍTEM ICCU | D7: DESCRIPCIÓN | E7: UNIDAD | F7: CANTIDADES | G7: VALOR UNITARIO | H7: VALOR TOTAL
B8: SALINAS COLEGIO ALTO | H8: =SUM(H9,H11,H13,H15) -> 33268329 | J8: =+H8*1.33 -> 44246877
B9: 1 | D9: MANTENIMIENTO VIAL | H9: =SUM(H10:H10,0) -> 229824
B10: 1.1 | C10: 6.1 | D10: CONFORMACIÓN DE LA CALZADA EXISTENTE | E10: M2 | F10: =+'Memorias de cantidades'!$I$6 -> 189 | G10: 1216 | H10: =+ROUND(F10*G10,0) -> 229824
B11: 2 | D11: ESTRUCTURA DE PAVIMENTO | H11: =SUM(H12:H12,0) -> 3352926.2
B12: 2.1 | C12: 3.15 | D12: AFIRMADO | E12: M3 | F12: =+'Memorias de cantidades'!$I$25 -> 28.35 | G12: 118269 | H12: =+F12*G12 -> 3352926.2
B13: 3 | D13: EXPLANACIÓN Y EXCAVACIONES | H13: =SUM(H14:H14,0) -> 230725.53
B14: 3.1 | C14: 2.13 | D14: EXCAVACIONES VARIAS EN MATERIAL COMÚN SECO A MANO (INCLUYE RETIRO DE SOBRANTES A UNA DISTANCIA MENOR DE 5 KM) | E14: M3 | F14: =+SUM('Memorias de cantidades'!$I$51:$I$53) -> 3.213 | G14: 71810 | H14: =F14*G14 -> 230725.53
B15: 4 | D15: OBRAS DE ARTE | H15: =SUM(H16:H19,0) -> 29454853
B16: 4.1 | C16: 4.6 | D16: CONCRETOS CLASE D, f´c =3000 PSI (BASES) | E16: M3 | F16: =+SUM('Memorias de cantidades'!I96:I98) -> 11.736 | G16: 841760 | H16: =F16*G16 -> 9878895.4
B17: 4.2 | C17: 4.25 | D17: CONCRETO CICLÓPEO CLASE G, 2000 PSI 40% RAJON PARA BASES | E17: M3 | F17: =+SUM('Memorias de cantidades'!I130:I131) -> 8.33625 | G17: 606157 | H17: =F17*G17 -> 5053076.3
B18: 4.3 | C18: 4.21 | D18: CUNETA DE CONCRETO CLASE E, 2500 PSI FUNDIDA EN EL LUGAR | E18: M3 | F18: =+'Memorias de cantidades'!I161 -> 7.56 | G18: 688802 | H18: =F18*G18 -> 5207343.1
B19: 4.4 | C19: 4.52 | D19: SUMINISTRO FIGURADO Y ARMADO DE ACERO DE REFUERZO 60000 PSI | E19: KG | F19: =+SUM('Memorias de cantidades'!I185:I195) -> 1104.915 | G19: 8431 | H19: =F19*G19 -> 9315538.2
H20: =SUM(H21,H23,H25,H27) -> 30623690
B21: 1 | D21: MANTENIMIENTO VIAL | H21: =SUM(H22:H22,0) -> 230200
B22: 1.1 | C22: 6.1 | D22: CONFORMACIÓN DE LA CALZADA EXISTENTE | E22: M2 | F22: =+'Memorias de cantidades'!$I$8 -> 200 | G22: 1151 | H22: =+ROUND(F22*G22,0) -> 230200
B23: 2 | D23: ESTRUCTURA DE PAVIMENTO | H23: =SUM(H24:H24,0) -> 3374610
B24: 2.1 | C24: 3.15 | D24: AFIRMADO | E24: M3 | F24: =+'Memorias de cantidades'!I27 -> 30 | G24: 112487 | H24: =+F24*G24 -> 3374610
B25: 3 | D25: EXPLANACIÓN Y EXCAVACIONES | H25: =SUM(H26:H26,0) -> 208976.51
B26: 3.1 | C26: 2.13 | D26: EXCAVACIONES VARIAS EN MATERIAL COMÚN SECO A MANO (INCLUYE RETIRO DE SOBRANTES A UNA DISTANCIA MENOR DE 5 KM) | E26: M3 | F26: =+SUM('Memorias de cantidades'!I55:I57) -> 3.198 | G26: 65346 | H26: =F26*G26 -> 208976.51
B27: 4 | D27: OBRAS DE ARTE | H27: =SUM(H28:H31,0) -> 26809904
B28: 4.1 | C28: 4.6 | D28: CONCRETOS CLASE D, f´c =3000 PSI (BASES) | E28: M3 | F28: =+SUM('Memorias de cantidades'!I100:I102) -> 11.0865 | G28: 769961 | H28: =F28*G28 -> 8536172.6
B29: 4.2 | C29: 4.25 | D29: CONCRETO CICLÓPEO CLASE G, 2000 PSI 40% RAJON PARA BASES | E29: M3 | F29: =+SUM('Memorias de cantidades'!I133:I134) -> 10.26 | G29: 551205 | H29: =F29*G29 -> 5655363.3
B30: 4.3 | C30: 4.21 | D30: CUNETA DE CONCRETO CLASE E, 2500 PSI FUNDIDA EN EL LUGAR | E30: M3 | F30: =+SUM('Memorias de cantidades'!I163:I163) -> 7.2 | G30: 625846 | H30: =F30*G30 -> 4506091.2
B31: 4.4 | C31: 4.52 | D31: SUMINISTRO FIGURADO Y ARMADO DE ACERO DE REFUERZO 60000 PSI | E31: KG | F31: =+SUM('Memorias de cantidades'!I209:I219) -> 1020.4121 | G31: 7950 | H31: =F31*G31 -> 8112276.6
H32: =SUM(H33,H35,H37,H39) -> 28058551
B33: 1 | D33: MANTENIMIENTO VIAL | H33: =SUM(H34:H34,0) -> 191642
B34: 1.1 | C34: 6.1 | D34: CONFORMACIÓN DE LA CALZADA EXISTENTE | E34: M2 | F34: =+'Memorias de cantidades'!I10 -> 166.5 | G34: 1151 | H34: =+ROUND(F34*G34,0) -> 191642
B35: 2 | D35: ESTRUCTURA DE PAVIMENTO | H35: =SUM(H36:H36,0) -> 2809362.8
B36: 2.1 | C36: 3.15 | D36: AFIRMADO | E36: M3 | F36: =+'Memorias de cantidades'!I29 -> 24.975 | G36: 112487 | H36: =+F36*G36 -> 2809362.8
B37: 3 | D37: EXPLANACIÓN Y EXCAVACIONES | H37: =SUM(H38:H38,0) -> 187118.27
B38: 3.1 | C38: 2.13 | D38: EXCAVACIONES VARIAS EN MATERIAL COMÚN SECO A MANO (INCLUYE RETIRO DE SOBRANTES A UNA DISTANCIA MENOR DE 5 KM) | E38: M3 | F38: =+SUM('Memorias de cantidades'!I59:I61) -> 2.8635 | G38: 65346 | H38: =F38*G38 -> 187118.27
B39: 4 | D39: OBRAS DE ARTE | H39: =SUM(H40:H43,0) -> 24870428
B40: 4.1 | C40: 4.6 | D40: CONCRETOS CLASE D, f´c =3000 PSI (BASES) | E40: M3 | F40: =+SUM('Memorias de cantidades'!I104:I106) -> 10.84275 | G40: 769961 | H40: =F40*G40 -> 8348494.6
B41: 4.2 | C41: 4.25 | D41: CONCRETO CICLÓPEO CLASE G, 2000 PSI 40% RAJON PARA BASES | E41: M3 | F41: =+SUM('Memorias de cantidades'!I136:I137) -> 7.695 | G41: 551205 | H41: =F41*G41 -> 4241522.5
B42: 4.3 | C42: 4.21 | D42: CUNETA DE CONCRETO CLASE E, 2500 PSI FUNDIDA EN EL LUGAR | E42: M3 | F42: =+'Memorias de cantidades'!I165 -> 6.66 | G42: 625846 | H42: =F42*G42 -> 4168134.4
B43: 4.4 | C43: 4.52 | D43: SUMINISTRO FIGURADO Y ARMADO DE ACERO DE REFUERZO 60000 PSI | E43: KG | F43: =+SUM('Memorias de cantidades'!I209:I219) -> 1020.4121 | G43: 7950 | H43: =F43*G43 -> 8112276.6
H44: =SUM(H45,H47,H49,#REF!) -> #REF!
B45: 1 | D45: MANTENIMIENTO VIAL | H45: =SUM(H46:H46,0) -> 234804
B46: 1.1 | C46: 6.1 | D46: CONFORMACIÓN DE LA CALZADA EXISTENTE | E46: M2 | F46: =+'Memorias de cantidades'!I12 -> 204 | G46: 1151 | H46: =+ROUND(F46*G46,0) -> 234804
B47: 2 | D47: ESTRUCTURA DE PAVIMENTO | H47: =SUM(H48:H48,0) -> 3442102.2
B48: 2.1 | C48: 3.15 | D48: AFIRMADO | E48: M3 | F48: =+'Memorias de cantidades'!I31 -> 30.6 | G48: 112487 | H48: =+F48*G48 -> 3442102.2
B49: 3 | D49: EXPLANACIÓN Y EXCAVACIONES | H49: =SUM(H50:H50,0) -> 172513.44
B50: 3.1 | C50: 2.13 | D50: EXCAVACIONES VARIAS EN MATERIAL COMÚN SECO A MANO (INCLUYE RETIRO DE SOBRANTES A UNA DISTANCIA MENOR DE 5 KM) | E50: M3 | F50: =+SUM('Memorias de cantidades'!I63:I65) -> 2.64 | G50: 65346 | H50: =F50*G50 -> 172513.44
B52: RANCHERIA SECTOR EL RETEN | H52: =SUM(H53,H55,H57,H59) -> 33238274 | J52: =+H52*1.33 -> 44206904
B53: 1 | D53: MANTENIMIENTO VIAL | H53: =SUM(H54:H54,0) -> 243200
B54: 1.1 | C54: 6.1 | D54: CONFORMACIÓN DE LA CALZADA EXISTENTE | E54: M2 | F54: =+'Memorias de cantidades'!I8 -> 200 | G54: 1216 | H54: =+ROUND(F54*G54,0) -> 243200
B55: 2 | D55: ESTRUCTURA DE PAVIMENTO | H55: =SUM(H56:H56,0) -> 3548070
B56: 2.1 | C56: 3.15 | D56: AFIRMADO | E56: M3 | F56: =+'Memorias de cantidades'!I27 -> 30 | G56: 118269 | H56: =+F56*G56 -> 3548070
B57: 3 | D57: EXPLANACIÓN Y EXCAVACIONES | H57: =SUM(H58:H58,0) -> 229648.38
B58: 3.1 | C58: 2.13 | D58: EXCAVACIONES VARIAS EN MATERIAL COMÚN SECO A MANO (INCLUYE RETIRO DE SOBRANTES A UNA DISTANCIA MENOR DE 5 KM) | E58: M3 | F58: =+SUM('Memorias de cantidades'!I55:I57) -> 3.198 | G58: 71810 | H58: =F58*G58 -> 229648.38
B59: 4 | D59: OBRAS DE ARTE | H59: =SUM(H60:H63,0) -> 29217355
B60: 4.1 | C60: 4.6 | D60: CONCRETOS CLASE D, f´c =3000 PSI (BASES) | E60: M3 | F60: =+SUM('Memorias de cantidades'!I100:I102) -> 11.0865 | G60: 841760 | H60: =F60*G60 -> 9332172.2
B61: 4.2 | C61: 4.25 | D61: CONCRETO CICLÓPEO CLASE G, 2000 PSI 40% RAJON PARA BASES | E61: M3 | F61: =+SUM('Memorias de cantidades'!I133:I134) -> 10.26 | G61: 606157 | H61: =F61*G61 -> 6219170.8
B62: 4.3 | C62: 4.21 | D62: CUNETA DE CONCRETO CLASE E, 2500 PSI FUNDIDA EN EL LUGAR | E62: M3 | F62: =+'Memorias de cantidades'!I163 -> 7.2 | G62: 688802 | H62: =F62*G62 -> 4959374.4
B63: 4.4 | C63: 4.52 | D63: SUMINISTRO FIGURADO Y ARMADO DE ACERO DE REFUERZO 60000 PSI | E63: KG | F63: =SUM('Memorias de cantidades'!I197:I207) -> 1032.6934 | G63: 8431 | H63: =F63*G63 -> 8706637.9
H64: =SUM(H65,H67,H69,H71) -> 5.2231209e+08
B65: 1 | D65: MANTENIMIENTO VIAL | H65: =SUM(H66:H66,0) -> 230200
B66: 1.1 | C66: 6.1 | D66: CONFORMACIÓN DE LA CALZADA EXISTENTE | E66: M2 | F66: =+'Memorias de cantidades'!$I$8 -> 200 | G66: 1151 | H66: =+ROUND(F66*G66,0) -> 230200
B67: 2 | D67: ESTRUCTURA DE PAVIMENTO | H67: =SUM(H68:H68,0) -> 0
B68: 2.1 | C68: 3.15 | D68: AFIRMADO | E68: M3 | F68: =+'Memorias de cantidades'!I82 -> 0 | G68: 112487 | H68: =+F68*G68 -> 0
B69: 3 | D69: EXPLANACIÓN Y EXCAVACIONES | H69: =SUM(H70:H70,0) -> 941766.55
B70: 3.1 | C70: 2.13 | D70: EXCAVACIONES VARIAS EN MATERIAL COMÚN SECO A MANO (INCLUYE RETIRO DE SOBRANTES A UNA DISTANCIA MENOR DE 5 KM) | E70: M3 | F70: =+SUM('Memorias de cantidades'!I108:I110) -> 14.412 | G70: 65346 | H70: =F70*G70 -> 941766.55
B71: 4 | D71: OBRAS DE ARTE | H71: =SUM(H72:H75,0) -> 5.2114012e+08
B72: 4.1 | C72: 4.6 | D72: CONCRETOS CLASE D, f´c =3000 PSI (BASES) | E72: M3 | F72: =+SUM('Memorias de cantidades'!I156:I158) -> 0 | G72: 769961 | H72: =F72*G72 -> 0
B73: 4.2 | C73: 4.25 | D73: CONCRETO CICLÓPEO CLASE G, 2000 PSI 40% RAJON PARA BASES | E73: M3 | F73: =+SUM('Memorias de cantidades'!I185:I186) -> 776.1 | G73: 551205 | H73: =F73*G73 -> 4.277902e+08
B74: 4.3 | C74: 4.21 | D74: CUNETA DE CONCRETO CLASE E, 2500 PSI FUNDIDA EN EL LUGAR | E74: M3 | F74: =+SUM('Memorias de cantidades'!I213:I214) -> 149.15797 | G74: 625846 | H74: =F74*G74 -> 93349919
B75: 4.4 | C75: 4.52 | D75: SUMINISTRO FIGURADO Y ARMADO DE ACERO DE REFUERZO 60000 PSI | E75: KG | F75: =+SUM('Memorias de cantidades'!I270:I280) -> 0 | G75: 7950 | H75: =F75*G75 -> 0
H76: =SUM(H77,H79,H81,H83) -> 36492495
B77: 1 | D77: MANTENIMIENTO VIAL | H77: =SUM(H78:H78,0) -> 967
B78: 1.1 | C78: 6.1 | D78: CONFORMACIÓN DE LA CALZADA EXISTENTE | E78: M2 | F78: =+'Memorias de cantidades'!I63 -> 0.84 | G78: 1151 | H78: =+ROUND(F78*G78,0) -> 967
B79: 2 | D79: ESTRUCTURA DE PAVIMENTO | H79: =SUM(H80:H80,0) -> 0
B80: 2.1 | C80: 3.15 | D80: AFIRMADO | E80: M3 | F80: =+'Memorias de cantidades'!I84 -> 0 | G80: 112487 | H80: =+F80*G80 -> 0
B81: 3 | D81: EXPLANACIÓN Y EXCAVACIONES | H81: =SUM(H82:H82,0) -> 0
B82: 3.1 | C82: 2.13 | D82: EXCAVACIONES VARIAS EN MATERIAL COMÚN SECO A MANO (INCLUYE RETIRO DE SOBRANTES A UNA DISTANCIA MENOR DE 5 KM) | E82: M3 | F82: =+SUM('Memorias de cantidades'!I116:I118) -> 0 | G82: 65346 | H82: =F82*G82 -> 0
B83: 4 | D83: OBRAS DE ARTE | H83: =SUM(H84:H87,0) -> 36491528
B84: 4.1 | C84: 4.6 | D84: CONCRETOS CLASE D, f´c =3000 PSI (BASES) | E84: M3 | F84: =+SUM('Memorias de cantidades'!I160:I161) -> 7.56 | G84: 769961 | H84: =F84*G84 -> 5820905.2
B85: 4.2 | C85: 4.25 | D85: CONCRETO CICLÓPEO CLASE G, 2000 PSI 40% RAJON PARA BASES | E85: M3 | F85: =+SUM('Memorias de cantidades'!I188:I189) -> 55.64286 | G85: 551205 | H85: =F85*G85 -> 30670623
B86: 4.3 | C86: 4.21 | D86: CUNETA DE CONCRETO CLASE E, 2500 PSI FUNDIDA EN EL LUGAR | E86: M3 | F86: =+'Memorias de cantidades'!I216 -> 0 | G86: 625846 | H86: =F86*G86 -> 0
B87: 4.4 | C87: 4.52 | D87: SUMINISTRO FIGURADO Y ARMADO DE ACERO DE REFUERZO 60000 PSI | E87: KG | F87: =+SUM('Memorias de cantidades'!I270:I280) -> 0 | G87: 7950 | H87: =F87*G87 -> 0
H88: =SUM(H89,H91,H93,H95) -> 65467596
B89: 1 | D89: MANTENIMIENTO VIAL | H89: =SUM(H90:H90,0) -> 0
B90: 1.1 | C90: 6.1 | D90: CONFORMACIÓN DE LA CALZADA EXISTENTE | E90: M2 | F90: =+'Memorias de cantidades'!I65 -> 0 | G90: 1151 | H90: =+ROUND(F90*G90,0) -> 0
B91: 2 | D91: ESTRUCTURA DE PAVIMENTO | H91: =SUM(H92:H92,0) -> 0
B92: 2.1 | C92: 3.15 | D92: AFIRMADO | E92: M3 | F92: =+'Memorias de cantidades'!I86 -> 0 | G92: 112487 | H92: =+F92*G92 -> 0
B93: 3 | D93: EXPLANACIÓN Y EXCAVACIONES | H93: =SUM(H94:H94,0) -> 0
B94: 3.1 | C94: 2.13 | D94: EXCAVACIONES VARIAS EN MATERIAL COMÚN SECO A MANO (INCLUYE RETIRO DE SOBRANTES A UNA DISTANCIA MENOR DE 5 KM) | E94: M3 | F94: =+SUM('Memorias de cantidades'!I120:I122) -> 0 | G94: 65346 | H94: =F94*G94 -> 0
B95: 4 | D95: OBRAS DE ARTE | H95: =SUM(H96:H99,0) -> 65467596
B96: 4.1 | C96: 4.6 | D96: CONCRETOS CLASE D, f´c =3000 PSI (BASES) | E96: M3 | F96: =+SUM('Memorias de cantidades'!I163:I164) -> 7.2 | G96: 769961 | H96: =F96*G96 -> 5543719.2
B97: 4.2 | C97: 4.25 | D97: CONCRETO CICLÓPEO CLASE G, 2000 PSI 40% RAJON PARA BASES | E97: M3 | F97: =+SUM('Memorias de cantidades'!I191:I192) -> 108.71432 | G97: 551205 | H97: =F97*G97 -> 59923877
B98: 4.3 | C98: 4.21 | D98: CUNETA DE CONCRETO CLASE E, 2500 PSI FUNDIDA EN EL LUGAR | E98: M3 | F98: =+SUM('Memorias de cantidades'!I218:I219) -> 0 | G98: 625846 | H98: =F98*G98 -> 0
B99: 4.4 | C99: 4.52 | D99: SUMINISTRO FIGURADO Y ARMADO DE ACERO DE REFUERZO 60000 PSI | E99: KG | F99: =+SUM('Memorias de cantidades'!I282:I292) -> 0 | G99: 7950 | H99: =F99*G99 -> 0
B101: GOBERNADOR SECTOR TALLER MIGUELIN | H101: =SUM(H103,H105,H107,H109) -> 30343748 | J101: =+H101*1.33 -> 40357184
B102: TRAMO 1
B103: 1 | D103: MANTENIMIENTO VIAL | H103: =SUM(H104:H104,0) -> 202464
...

Sheet Memorias de cantidades
A1: ='Presupuesto '!B5:H6 -> #VALUE!
A3: ITEM | B3: LOCALIZACION | C3: DIMENSIONES | F3: AREA | G3: UNIDADES TOTALES | H3: CANT | I3: PARCIAL | J3: TOTAL | K3: UNID.
A4: =+'Presupuesto '!B10 -> 1.1 | C4: LARGO/RADIO PROM | D4: ANCHO PROM | E4: ALTO/ESP
A5: =+'Presupuesto '!D10 -> CONFORMACIÓN DE LA CALZADA EXISTENTE | B5: SALINAS ALTO COLEGIO
B6: SALINAS ALTO COLEGIO | C6: 42 | D6: 4.5 | F6: =+PRODUCT(C6:E6) -> 189 | H6: 1 | I6: =+F6*H6 -> 189
B7: RANCHERIA SECTOR EL RETEN
B8: RANCHERIA SECTOR EL RETEN | C8: 40 | D8: 5 | F8: =+PRODUCT(C8:E8) -> 200 | H8: 1 | I8: =+F8*H8 -> 200
B9: GOBERNADOR MIGUELIN
B10: GOBERNADOR MIGUELIN | C10: 37 | D10: 4.5 | F10: =+PRODUCT(C10:E10) -> 166.5 | H10: 1 | I10: =+F10*H10 -> 166.5
B11: CHALECHE LAS CURVAS
B12: CHALECHE LAS CURVAS | C12: 30 | D12: 6.8 | F12: =+PRODUCT(C12:E12) -> 204 | H12: 1 | I12: =+F12*H12 -> 204
B13: ESPIGAS LA CURVA DEL GATO
B14: ESPIGAS | C14: 42 | D14: 4.5 | F14: =+PRODUCT(C14:E14) -> 189 | H14: 1 | I14: =+F14*H14 -> 189
C17: =C6+C8+C10+C12+C14 -> 191
J20: =SUM(I6:I19,0) -> 948.5 | K20: M2
A22: ITEM | B22: LOCALIZACION | C22: DIMENSIONES | F22: VOL | G22: UNIDADES TOTALES | H22: CANT | I22: PARCIAL | J22: TOTAL | K22: UNID.
A23: =+'Presupuesto '!B12 -> 2.1 | C23: LARGO/RADIO PROM | D23: ANCHO PROM | E23: ALTO/ESP
A24: =+'Presupuesto '!D12 -> AFIRMADO | B24: SALINAS ALTO COLEGIO
B25: SALINAS ALTO COLEGIO | C25: 42 | D25: 4.5 | E25: 0.15 | F25: =+PRODUCT(C25:E25) -> 28.35 | H25: 1 | I25: =+F25*H25 -> 28.35
B26: RANCHERIA SECTOR EL RETEN
B27: RANCHERIA SECTOR EL RETEN | C27: 40 | D27: 5 | E27: 0.15 | F27: =+PRODUCT(C27:E27) -> 30 | H27: 1 | I27: =+F27*H27 -> 30
B28: GOBERNADOR MIGUELIN
B29: GOBERNADOR MIGUELIN | C29: 37 | D29: 4.5 | E29: 0.15 | F29: =+PRODUCT(C29:E29) -> 24.975 | H29: 1 | I29: =+F29*H29 -> 24.975
B30: CHALECHE LAS CURVAS
B31: CHALECHE LAS CURVAS | C31: 30 | D31: 6.8 | E31: 0.15 | F31: =+PRODUCT(C31:E31) -> 30.6 | H31: 1 | I31: =+F31*H31 -> 30.6
B32: ESPIGAS LA CURVA DEL GATO
B33: ESPIGAS LA CURVA DEL GATO | C33: 42 | D33: 4.5 | E33: 0.15 | F33: =+PRODUCT(C33:E33) -> 28.35 | H33: 1 | I33: =+F33*H33 -> 28.35
J46: =SUM(I25:I45,0) -> 142.275 | K46: M3
A48: ITEM | B48: LOCALIZACION | C48: DIMENSIONES | F48: VOL | G48: UNIDADES TOTALES | H48: CANT | I48: PARCIAL | J48: TOTAL | K48: UNID.
A49: =+'Presupuesto '!B14 -> 3.1 | C49: LARGO/RADIO PROM | D49: ANCHO PROM | E49: ALTO/ESP
A50: =+'Presupuesto '!D14 -> EXCAVACIONES VARIAS EN MATERIAL COMÚN SECO A MANO (INCLUYE RETIRO DE SOBRANTES A UNA DISTANCIA MENOR DE 5 KM) | B50: SALINAS ALTO COLEGIO
B51: VIGAS | C51: 3.3 | D51: 0.15 | E51: 0.1 | F51: =+PRODUCT(C51:E51) -> 0.0495 | H51: 14 | I51: =+F51*H51 -> 0.693
B52: CUNETAS | C52: 42 | D52: 0.6 | E52: 0.05 | F52: =+PRODUCT(C52:E52) -> 1.26 | H52: 2 | I52: =+F52*H52 -> 2.52
B53: RAMPAS | C53: 0 | D53: 3.3 | E53: 0.075 | F53: =+PRODUCT(C53:E53) -> 0 | H53: 1 | I53: =+F53*H53 -> 0
B54: RANCHERIA SECTOR EL RETEN
B55: vigas | C55: 3.8 | D55: 0.15 | E55: 0.1 | F55: =+PRODUCT(C55:E55) -> 0.057 | H55: 14 | I55: =+F55*H55 -> 0.798
B56: cunetas | C56: 40 | D56: 0.6 | E56: 0.05 | F56: =+PRODUCT(C56:E56) -> 1.2 | H56: 2 | I56: =+F56*H56 -> 2.4
B57: rampas | F57: =+PRODUCT(C57:E57) -> 0 | H57: 1 | I57: =+F57*H57 -> 0
B58: GOBERNADOR MIGUELIN
B59: vigas | C59: 3.3 | D59: 0.15 | E59: 0.1 | F59: =+PRODUCT(C59:E59) -> 0.0495 | H59: 13 | I59: =+F59*H59 -> 0.6435
B60: cunetas | C60: 37 | D60: 0.6 | E60: 0.05 | F60: =+PRODUCT(C60:E60) -> 1.11 | H60: 2 | I60: =+F60*H60 -> 2.22
B61: rampas | F61: =+PRODUCT(C61:E61) -> 0 | H61: 1 | I61: =+F61*H61 -> 0
B62: CHALECHE LAS CURVAS
B63: vigas | C63: 5.6 | D63: 0.15 | E63: 0.1 | F63: =+PRODUCT(C63:E63) -> 0.084 | H63: 10 | I63: =+F63*H63 -> 0.84
B64: cunetas | C64: 30 | D64: 0.6 | E64: 0.05 | F64: =+PRODUCT(C64:E64) -> 0.9 | H64: 2 | I64: =+F64*H64 -> 1.8
B65: rampas | F65: =+PRODUCT(C65:E65) -> 0 | H65: 1 | I65: =+F65*H65 -> 0
B66: ESPIGAS LA CURVA DEL GATO
B67: vigas | C67: 3.3 | D67: 0.15 | E67: 0.1 | F67: =+PRODUCT(C67:E67) -> 0.0495 | H67: 14 | I67: =+F67*H67 -> 0.693
B68: cunetas | C68: 39.15 | D68: 0.6 | E68: 0.05 | F68: =+PRODUCT(C68:E68) -> 1.1745 | H68: 2 | I68: =+F68*H68 -> 2.349
B69: rampas | F69: =+PRODUCT(C69:E69) -> 0 | H69: 1 | I69: =+F69*H69 -> 0
J91: =SUM(I51:I78,0) -> 14.9565 | K91: M3
A93: ITEM | B93: LOCALIZACION | C93: DIMENSIONES | F93: VOL | G93: UNIDADES TOTALES | H93: CANT | I93: PARCIAL | J93: TOTAL | K93: UNID.
A94: =+'Presupuesto '!B16 -> 4.1 | C94: LARGO/RADIO PROM | D94: ANCHO PROM | E94: ALTO/ESP
A95: =+'Presupuesto '!D16 -> CONCRETOS CLASE D, f´c =3000 PSI (BASES) | B95: SALINAS ALTO COLEGIO
B96: LOSAS | C96: 2.85 | D96: 0.9 | E96: 0.15 | F96: =+PRODUCT(C96:E96) -> 0.38475 | G96: 13 | H96: 2 | I96: =F96*H96*G96 -> 10.0035
B97: VIGAS | C97: 3.3 | D97: 0.15 | E97: 0.25 | F97: =+PRODUCT(C97:E97) -> 0.12375 | H97: 14 | I97: =F97*H97 -> 1.7325
B98: RAMPAS | C98: 0 | D98: 3.3 | E98: 0.15 | F98: =+PRODUCT(C98:E98) -> 0 | H98: 1 | I98: =F98*H98 -> 0
B99: RANCHERIA SECTOR EL RETEN
B100: LOSAS | C100: 2.85 | D100: 0.9 | E100: 0.15 | F100: =+PRODUCT(C100:E100) -> 0.38475 | G100: 12 | H100: 2 | I100: =F100*H100*G100 -> 9.234
B101: VIGAS | C101: 3.8 | D101: 0.15 | E101: 0.25 | F101: =+PRODUCT(C101:E101) -> 0.1425 | H101: 13 | I101: =F101*H101 -> 1.8525
B102: RAMPAS | F102: =+PRODUCT(C102:E102) -> 0 | H102: 1 | I102: =F102*H102 -> 0
B103: GOBERNADOR TALLER MIGUELIN
B104: LOSAS | C104: 2.85 | D104: 0.9 | E104: 0.15 | F104: =+PRODUCT(C104:E104) -> 0.38475 | G104: 12 | H104: 2 | I104: =F104*H104*G104 -> 9.234
B105: VIGAS | C105: 3.3 | D105: 0.15 | E105: 0.25 | F105: =+PRODUCT(C105:E105) -> 0.12375 | H105: 13 | I105: =F105*H105 -> 1.60875
B106: RAMPAS | F106: =+PRODUCT(C106:E106) -> 0 | H106: 1 | I106: =F106*H106 -> 0
B107: CHALECHE LAS CURVAS
B108: Rieles laterales | C108: 2.85 | D108: 0.9 | E108: 0.15 | F108: =+PRODUCT(C108:E108) -> 0.38475 | G108: 9 | H108: 2 | I108: =F108*H108*G108 -> 6.9255
B109: Riel Central | C109: 2.85 | D109: 1.4 | E109: 0.15 | F109: =+PRODUCT(C109:E109) -> 0.5985 | H109: 9 | I109: =F109*H109 -> 5.3865
B110: Vigas | C110: 5.6 | D110: 0.15 | E110: 0.25 | F110: =+PRODUCT(C110:E110) -> 0.21 | H110: 10 | I110: =F110*H110 -> 2.1
B111: Rampas de Acceso | F111: =+PRODUCT(C111:E111) -> 0 | H111: 0 | I111: =F111*H111 -> 0
B112: ESPIGAS LA CURVA DEL GATO
B113: LOSAS | C113: 2.85 | D113: 0.9 | E113: 0.15 | F113: =+PRODUCT(C113:E113) -> 0.38475 | G113: 13 | H113: 2 | I113: =F113*H113*G113 -> 10.0035
B114: Vigas | C114: 3.3 | D114: 0.15 | E114: 0.25 | F114: =+PRODUCT(C114:E114) -> 0.12375 | H114: 14 | I114: =F114*H114 -> 1.7325
B115: Rampas de Acceso | F115: =+PRODUCT(C115:E115) -> 0 | H115: 0 | I115: =F115*H115 -> 0
J125: =+SUM(I96:I124) -> 59.81325 | K125: M3
A127: ITEM | B127: LOCALIZACION | C127: DIMENSIONES | F127: VOL | G127: LONG TOTAL | H127: CANT | I127: PARCIAL | J127: TOTAL | K127: UNID.
A128: =+'Presupuesto '!B17 -> 4.2 | C128: LARGO/RADIO PROM | D128: ANCHO PROM | E128: ALTO/ESP
A129: =+'Presupuesto '!D17 -> CONCRETO CICLÓPEO CLASE G, 2000 PSI 40% RAJON PARA BASES | B129: SALINAS ALTO COLEGIO
B130: CENTRO | C130: 2.85 | D130: 0.9 | E130: 0.15 | F130: =+PRODUCT(C130:E130) -> 0.38475 | H130: 13 | I130: =+H130*F130 -> 5.00175
B131: SOBREANCHO | C131: 2.85 | D131: 0.6 | E131: 0.15 | F131: =+PRODUCT(C131:E131) -> 0.2565 | H131: 13 | I131: =F131*H131 -> 3.3345
B132: RANCHERIA SECTOR EL RETEN
B133: CENTRO | C133: 2.85 | D133: 0.9 | E133: 0.15 | F133: =+PRODUCT(C133:E133) -> 0.38475 | H133: 12 | I133: =+H133*F133 -> 4.617
B134: SOBREANCHO | C134: 2.85 | D134: 1.1 | E134: 0.15 | F134: =+PRODUCT(C134:E134) -> 0.47025 | H134: 12 | I134: =F134*H134 -> 5.643
B135: GOBERNADOR TALLER MIGUELIN
B136: CENTRO | C136: 2.85 | D136: 0.9 | E136: 0.15 | F136: =+PRODUCT(C136:E136) -> 0.38475 | H136: 12 | I136: =+H136*F136 -> 4.617
B137: SOBREANCHO | C137: 2.85 | D137: 0.6 | E137: 0.15 | F137: =+PRODUCT(C137:E137) -> 0.2565 | H137: 12 | I137: =F137*H137 -> 3.078
B138: CHALECHE LAS CURVAS
B139: LATERALES | C139: 2.85 | D139: 0.9 | E139: 0.15 | F139: =+PRODUCT(C139:E139) -> 0.38475 | G139: 2 | H139: 9 | I139: =+H139*F139*G139 -> 6.9255
B140: SOBREANCHO | C140: 2.85 | D140: 0.3 | E140: 0.15 | F140: =+PRODUCT(C140:E140) -> 0.12825 | G140: 2 | H140: 9 | I140: =F140*H140*G140 -> 2.3085
B141: ESPIGAS LA CURVA DEL GATO
B142: LATERALES | C142: 2.85 | D142: 0.9 | E142: 0.15 | F142: =+PRODUCT(C142:E142) -> 0.38475 | H142: 13 | I142: =+H142*F142 -> 5.00175
B143: SOBREANCHO | C143: 2.85 | D143: 0.6 | E143: 0.15 | F143: =+PRODUCT(C143:E143) -> 0.2565 | H143: 13 | I143: =F143*H143 -> 3.3345
J156: =+SUM(I130:I155) -> 43.8615 | K156: M3
A158: ITEM | B158: LOCALIZACION | C158: DIMENSIONES | F158: VOL | G158: PESO (KG) | H158: CANT | I158: PARCIAL | J158: TOTAL | K158: UNID.
A159: =+'Presupuesto '!B18 -> 4.3 | C159: LARGO/RADIO PROM | D159: ANCHO PROM | E159: ALTO/ESP
A160: =+'Presupuesto '!D18 -> CUNETA DE CONCRETO CLASE E, 2500 PSI FUNDIDA EN EL LUGAR | B160: SALINAS ALTO COLEGIO
B161: CUNETA TIPO V | C161: 42 | D161: 0.6 | E161: 0.15 | F161: =+PRODUCT(C161:E161) -> 3.78 | H161: 2 | I161: =+H161*F161 -> 7.56
B162: RANCHERIA SECTOR EL RETEN
B163: CUNETA TIPO V | C163: 40 | D163: 0.6 | E163: 0.15 | F163: =+PRODUCT(C163:E163) -> 3.6 | H163: 2 | I163: =+H163*F163 -> 7.2
B164: GOBERNADOR TALLER MIGUELIN
...
